 Dungeon Crawl Stone Soup version 0.28.0-49-g6dfe1f597d (webtiles) character file.

Game seed: 10704632624276853435

163 Exodus22XD the Covert (level 5, -3/28 HPs)
             Began as a Kobold Enchanter on May 15, 2022.
             Engulfed by a cloud of flame (6 damage)
             ... on level 3 of the Dungeon.
             The game lasted 00:03:08 (3367 turns).

Exodus22XD the Covert (Kobold Enchanter)            Turns: 3367, Time: 00:03:09

Health: -3/28      AC:  7    Str:  6    XL:     5   Next: 72%
Magic:  8/8        EV: 15    Int: 16    God:
Gold:   109        SH:  0    Dex: 17    Spells: 6/8 levels left

rFire   + . .      SeeInvis .   a - +1 dagger
rCold   + . .      Faith    .   (no shield)
rNeg    . . .      Spirit   .   o - +1 robe {rC+ rF+}
rPois   .          Reflect  .   c - +0 helmet
rElec   .          Harm     .   m - +2 cloak
rCorr   .          Rampage  .   (no gloves)
Will    .....                   (no boots)
Stlth   +++++.....              (no amulet)
HPRegen 0.09/turn               (no ring)
MPRegen 0.11/turn               (no ring)

@: no status effects
A: small, no large weapons, nightstalker 3
a: no special abilities


You were on level 3 of the Dungeon.
You visited 1 branch of the dungeon, and saw 4 of its levels.

You collected 109 gold pieces.

Inventory:

Hand Weapons
 a - a +1 dagger (weapon)
 q - a +0 short sword of speed
Armour
 b - a +0 robe
 c - a +0 helmet (worn)
 m - a +2 cloak (worn)
 o - a +1 robe of resistance (worn)
Jewellery
 d - a ring of magical power
 g - an amulet of guardian spirit
 k - a ring of positive energy
 p - a +6 ring of intelligence
Wands
 n - a wand of polymorph (7)
Scrolls
 e - a scroll of amnesia {unknown}
 f - a scroll of identify
 h - a scroll of immolation
 i - a scroll of vulnerability
 r - a scroll of acquirement {unknown}
 t - a scroll of magic mapping {unknown}
 u - a scroll of teleportation {unknown}
Potions
 j - 6 potions of curing {unknown}
 l - 2 potions of haste {unknown}
 s - a potion of heal wounds {unknown}


   Skills:
 - Level 1.3 Short Blades
 - Level 2.4 Dodging
 + Level 8.4 Stealth
 - Level 2.1 Spellcasting
 - Level 3.0 Hexes


You had 6 spell levels left.
You knew the following spells:

 Your Spells              Type           Power      Damage    Failure   Level
a - Ensorcelled Hibernat  Hex/Ice        12%        N/A       17%         2

Your spell library contained the following spells:

 Spells                   Type           Power      Damage    Failure   Level
 Confusing Touch          Hex            11%        N/A       19%         3
 Tukima's Dance           Hex            11%        N/A       19%         3
 Blink                    Tloc           2%         N/A       30%         2
 Dazzling Flash           Conj/Hex       12%        N/A       32%         3
 Lesser Beckoning         Tloc           1%         N/A       52%         3
 Manifold Assault         Tloc           1%         N/A       99%         5


Dungeon Overview and Level Annotations

Branches:
Dungeon (4/15)
 Temple: D:4-7

Altars:

Shops:
D:1 !

Annotations:
D:3 2 transporters


Innate Abilities, Weirdness & Mutations

You are small and have problems with some larger weapons.
You are completely attuned to the shadows.


Message History

The frilled lizard closely misses you.
You hit the frilled lizard but do no damage.
The frilled lizard is heavily wounded.
The frilled lizard closely misses you.
You barely miss the frilled lizard.
The frilled lizard is heavily wounded.
The frilled lizard closely misses you.
You hit the frilled lizard.
You kill the frilled lizard!
No target in view!
No target in view!
No target in view!
No target in view!
No target in view!
No target in view!
You see here a +0 short sword.
t - a scroll labelled BISOXK WEINE A bullfrog skeleton comes into view.
The helpless bullfrog skeleton fails to defend itself.
You impale the bullfrog skeleton!!
You destroy the bullfrog skeleton!
u - a scroll labelled LUL OHIVITWE
j - 6 lumpy sapphire potions (gained 2) Partly explored, unvisited transporter and can't reach some places.
Really walk into a travel-excluded area?
Found 20 bolts.
Found a robe.
Really walk into that cloud of flame?
Found an amulet of guardian spirit and 21 bolts.
You are engulfed in blazing flames.
You resist.
Found a leather armour.
You see here an amulet of guardian spirit.
Partly explored, unvisited transporter and can't reach some places.
Really walk into a travel-excluded area?
You are engulfed in blazing flames.
You resist.
You are engulfed in blazing flames.
You resist.
You are engulfed in blazing flames.
You resist.
* * * LOW HITPOINT WARNING * * *
You are engulfed in blazing flames.
You resist.
You die...

#§○○# ##.## ######...#####
##.#
#######.○§§..([.☼○§.###.##
#.......§○.......○...#.##
#.#####.°§§(["..○§§...##
#.# ######...#####.## #.#
#§§§# #.# ###.### #§°°#
#.######## #.....# #@○○#
#.#....... #.###.#
#...#####.#.###### #.# #.#
#.........#.######
#.###.###
#.####............
#.......#
#....#.##.#.######
##.####.## ####.#.##.#.#
#.# #..# #.#.##.#.######
#.# ##.# #.#........>...
#.# #.## #.#......#####.


There were no monsters in sight!

Vanquished Creatures
  A hound (D:3)
  A bullfrog skeleton (D:3)
  Ijyb (D:4)
  Robin (D:3)
  2 adders (D:3)
  A worm (D:2)
  3 orcs (D:3)
  4 endoplasms
  3 giant cockroaches (D:1)
  11 goblins
  3 hobgoblins
  6 kobolds
  2 quokkas
  3 ball pythons
  3 bats
  A frilled lizard (D:3)
  2 rats
48 creatures vanquished.

Vanquished Creatures (others)
  A goblin (D:3)
  A hobgoblin (D:3)
2 creatures vanquished.

Grand Total: 50 creatures vanquished

Notes
Turn   | Place    | Note
-------+----------+-------------------------------------------
     0 | D:1      | Exodus22XD the Kobold Enchanter began the quest for the
                  | Orb.
     0 | D:1      | Reached XP level 1. HP: 10/10 MP: 3/3
   151 | D:1      | Reached XP level 2. HP: 15/15 MP: 5/5
   225 | D:1      | Reached skill level 5 in Stealth
   803 | D:1      | Found Haenetaob's Distillery.
  1076 | D:1      | Reached XP level 3. HP: 19/19 MP: 6/6
  1079 | D:1      | Learned a level 2 spell: Ensorcelled Hibernation
  1870 | D:2      | You fall into a shaft and drop 2 floors!
  1870 | D:4      | Noticed Ijyb
  1873 | D:4      | Killed Ijyb
  1874 | D:4      | Reached skill level 6 in Stealth
  1874 | D:4      | Reached XP level 4. HP: 24/24 MP: 7/7
  1894 | D:3      | Noticed Robin
  1927 | D:3      | Killed Robin
  1928 | D:3      | Reached skill level 7 in Stealth
  2364 | D:3      | Reached XP level 5. HP: 18/28 MP: 3/8
  2405 | D:3      | Found a transporter.
  2482 | D:3      | Found a transporter.
  2904 | D:3      | Reached skill level 8 in Stealth
  3367 | D:3      | Engulfed by a cloud of flame

Illustrated notes

Levels and vault maps discovered:
D:1:      dpeg_arrival_arbitrary_c, layout_loops_cross, serial_shops, shop
D:2:      layout_basic
D:3:      layout_loops_ring, gammafunk_ghost_abyssal_escape,
          palyth_stone_intersect, lemuel_flame_loot_1, uniq_robin
D:4:      layout_basic, serial_bayou_pond_d, hangedman_abyss_or_decor_passed,
          kennysheep_opposing_triangles, uniq_edmund, uniq_ijyb

Skill      XL: |  1  2  3  4  5 |
---------------+----------------+-----
Stealth        | 5 6 7 8 |  8.4
Short Blades   | |  1.3
Dodging        | |  2.4
Spellcasting   | |  2.1
Hexes          | |  3.0

Action                   |  1- 3 |  4- 6 || total
-------------------------+-------+-------++-------
Melee: Dagger            |    67 |   109 ||   176
       Punch             |       |     1 ||     1
 Cast: Ensorcelled Hiber |       |     2 ||     2
  Use: Scroll            |       |     2 ||     2
       Potion            |       |     1 ||     1
 Stab: Sleeping          |    13 |     8 ||    21
       Distracted        |     1 |       ||     1
       Invisible         |       |     6 ||     6
Armor: Robe              |     9 |    39 ||    48
Dodge: Dodged            |    32 |    92 ||   124
